 Dungeon Crawl Stone Soup version 0.31-a0-876-gfe8ebadbca (webtiles) character file.

Game seed: 14314673349620920289

2886 Lugonue the Ducker (level 9, -3/69 (73) HPs)
             Began as a Demigod Venom Mage on Oct 13, 2023.
             Killed from afar by Maggie (29 damage)
             ... with a bolt of fire
             ... on level 8 of the Dungeon.
             The game lasted 00:22:14 (9140 turns).

Lugonue the Ducker (Demigod Venom Mage)             Turns: 9140, Time: 00:22:15

HP:   -3/69 (73)    AC: 17    Str: 15 (16) XL:     9   Next: 24%
MP:   17/17         EV: 12    Int: 24      God:
Gold: 0             SH:  0    Dex: 17 (18) Spells: 5/15 levels left

rFire   . . .        h - +7 long sword of Logomysm {chaos, rC+}
rCold   + + +        (no shield)
rNeg    . . .        y - +3 scale mail {rC+}
rPois   .            (no helmet)
rElec   .            (no cloak)
rCorr   .            o - +1 Delatra's gloves {ID++}
SInv    .            g - +0 pair of boots
Will    .....        (no amulet)
Stlth   +            r - ring "Ceabufec" {+Blink rC+ Str+3 Int+3}
HPRegen 0.31/turn    f - +4 ring of protection
MPRegen 0.15/turn

%: no passive effects
@: mesmerised, drained
A: high MP 1, forlorn, divine attributes
a: Evoke Blink


You were on level 8 of the Dungeon.
You visited 1 branch of the dungeon, and saw 8 of its levels.
You also visited: Sewer and Ossuary.

Inventory:

Hand Weapons
 h - the +7 long sword of Logomysm (weapon) {chaos, rC+}
   (You found it on level 8 of the Dungeon)

   rC+:       It protects you from cold.
 i - a +1 short sword of venom
Armour
 a - a +0 robe
 g - a +0 pair of boots (worn)
 o - the +1 Delatra's gloves (worn) {ID++}
   (You found it on level 2 of the Dungeon)

   ID++:      It heals its wearer when they drink unknown potions, and restores
   their MP when they read unknown scrolls.
 y - a +3 scale mail of cold resistance (worn)
Jewellery
 f - a +4 ring of protection (right hand)
 r - the ring "Ceabufec" (left hand) {+Blink rC+ Str+3 Int+3}
   (You found it on level 3 of the Dungeon)

   [ring of protection from cold]

   Str+3:     It affects your strength (+3).
   Int+3:     It affects your intelligence (+3).
   rC+:       It protects you from cold.
   +Blink:    It lets you blink.
Wands
 e - a wand of flame (21)
 G - a wand of iceblast (3)
Scrolls
 c - 4 scrolls of teleportation
 d - 2 scrolls of fog
 j - 8 scrolls of identify
 l - a scroll of revelation
 n - 2 scrolls of silence {unknown}
 p - 2 scrolls of amnesia {unknown}
 s - 2 scrolls of fear {unknown}
 A - 3 scrolls of noise {unknown}
 C - a scroll of blinking {unknown}
 D - 3 scrolls of vulnerability {unknown}
Potions
 b - 2 potions of magic
 k - 2 potions of resistance
 m - 4 potions of ambrosia
 q - 4 potions of curing
 v - 2 potions of haste
 w - a potion of enlightenment
 z - a potion of brilliance
 B - a potion of degeneration
 E - a potion of lignification
 F - 2 potions of might


   Skills:
 + Level 4.8 Fighting
 - Level 4.9 Short Blades
 + Level 5.1 Armour
 + Level 6.0 Dodging
 - Level 1.8 Stealth
 - Level 1.0 Unarmed Combat
 + Level 3.6 Spellcasting
 - Level 1.4 Transmutations
 + Level 4.4 Poison Magic
 + Level 0.9 Evocations


You had 5 spell levels left.
You knew the following spells:

 Your Spells              Type           Power      Damage    Failure   Level
a - Sting                 Tmut/Pois      72%        1d6       11%         1
b - Poisonous Vapours     Pois/Air       30%        N/A       22%         2
c - Mephitic Cloud        Conj/Pois/Air  11%        N/A       52%         3
d - Olgreb's Toxic Radia  Pois           25%        N/A       50%         4

Your spell library contained the following spells:

 Spells                   Type           Power      Damage    Failure   Level
 Wereblood                Tmut           11%        N/A       30%         2
 Foxfire                  Conj/Fire      16%        2x1d4     36%         1
 Magic Dart               Conj           16%        1d3       36%         1
 Searing Ray              Conj           8%         2d4       50%         2
 Sublimation of Blood     Necr           4%         N/A       50%         2
 Petrify                  Tmut/Erth      7%         N/A       95%         4
 Fulminant Prism          Conj/Hex       2%         3d5       98%         4
 Irradiate                Conj/Tmut      3%         3d12      100%        5
 Plasma Beam              Fire/Air       2%         2x1d12    100%        6
 Starburst                Conj/Fire      2%         6d3       100%        6


Dungeon Overview and Level Annotations

Branches:
Dungeon (8/15)             Temple (0/1) D:7           Sewer (visited)
Ossuary (visited)
   Lair: D:8-11

Annotations:
D:2 1 runed translucent door, Crazy Yiuf
D:6 1 runed translucent door, Cris's ghost, novice DsGl
D:8 Amaemon; Gastronok; Maggie; Maurice


Innate Abilities, Weirdness & Mutations

You have an increased reservoir of magic. (+10% MP)
You shall have no god before yourself.
Your divine heritage dramatically boosts your attributes as you level up.


Message History

Maggie misses you. Something hits you but does no damage.
Maggie says, "Have you seen any dragons?"
Maggie hits you but does no damage. Something hits you!
* * * LOW HITPOINT WARNING * * *
Something grunts, "Curses!"
You closely miss Maggie.
Maggie is heavily wounded.
Maggie looks more healthy.
Maggie completely misses you. Something hits you but does no damage.
Unknown command.
Press: ? - help, v - describe, . - travel
Here: Maggie, wielding a +0 morningstar and wearing +0 swamp dragon scales (heavily wounded, mesmerising, unusually resistant)
The floor, spattered with blood.
Unknown command.
You hit Maggie.
Maggie is heavily wounded.
Maggie hits you with a +0 morningstar.
* * * LOW HITPOINT WARNING * * *
Something hits you but does no damage.
You slash Maggie!
Maggie is severely wounded.
Maggie misses you. Something hits you!
* * * LOW HITPOINT WARNING * * *
Something mutters, "Now where did you hide it?"
Maggie mumbles some strange words.
Maggie draws you further into her thrall.
You feel much better.
You hear a zap.
Something tries to affect you, but you resist.
Maggie hits you with a +0 morningstar.
You barely miss Maggie.
Maggie is severely wounded.
Something hits you but does no damage. Maggie misses you. Something hits you.
Something grunts, "Curses!"
Unknown command.
You closely miss Maggie.
Maggie is severely wounded.
Maggie points at you and mumbles some strange words.
The bolt of fire hits you!!
You die...

## #.<)## ##.
#.)..## . ....
##....##.# .....
#.......#
....####.......#
..................
####...#####.....
##{## #.... #.@#
.... ##@## ...
...###.K###
#......=.:#
#....?...##
##...##### #.## ##


You could see Maggie (mesmerising, resistant) and a kobold.

Vanquished Creatures
  A steam dragon (D:6)
  Menkaure (D:6)
  Edmund (D:5)
  2 ice beasts
  An ogre (D:7)
  2 centaurs
  4 kobold brigands
  A bullfrog (D:7)
  2 scorpions
  5 wights
  3 water moccasin zombies (Ossuary)
  A howler monkey (D:5)
  A crimson imp (D:4)
  4 jellies
  4 orc priests
  10 orc wizards
  3 sleepcaps
  2 gnoll boudas
  4 iguanas
  3 mummies
  14 gnolls
  A river rat (Sewer)
  4 adders
  A shadow imp (D:6)
  6 adder zombies (Ossuary)
  A worm (D:3)
  2 dart slugs (D:1)
  25 orcs
  10 endoplasms
  5 giant cockroaches
  5 gnoll zombies (Ossuary)
  9 goblins
  7 hobgoblins
  10 jackals
  9 quokkas
  14 ball pythons
  5 bats
  4 frilled lizards
  3 hobgoblin zombies (Ossuary)
  19 kobolds
  5 kobold zombies (Ossuary)
  3 orc zombies (Ossuary)
  8 rats
  A spectral goblin (D:2)
  A butterfly (D:7)
227 creatures vanquished.

Notes
Turn   | Place    | Note
-------+----------+-------------------------------------------
     0 | D:1      | Lugonue the Demigod Venom Mage began the quest for the Orb.
     0 | D:1      | Reached XP level 1. HP: 14/14 MP: 5/5
   158 | D:1      | Reached skill level 1 in Transmutations
   196 | D:1      | Reached skill level 2 in Dodging
   262 | D:1      | Reached XP level 2. HP: 16/20 MP: 4/7
   394 | D:1      | Found Fuini's Distillery.
   780 | D:1      | Reached XP level 3. HP: 26/26 MP: 8/8
  1477 | D:2      | Found the +1 Delatra's gloves {ID++}
  1500 | D:2      | Reached XP level 4. HP: 14/34 MP: 10/10
  1962 | D:2      | Found a runed translucent door.
  1963 | D:2      | Noticed Crazy Yiuf
  2402 | D:3      | Identified the ring "Ceabufec" {+Blink rC+ Str+3 Int+3}
  2461 | D:3      | Found a glowing drain.
  2478 | Sewer    | Entered a sewer
  2514 | Sewer    | Reached skill level 1 in Fighting
  2587 | Sewer    | Reached XP level 5. HP: 15/40 MP: 12/12
  2741 | Sewer    | Reached skill level 3 in Dodging
  2968 | D:3      | Reached skill level 1 in Unarmed Combat
  3783 | D:4      | Reached XP level 6. HP: 40/48 MP: 7/13
  4247 | D:4      | Reached skill level 1 in Armour
  4478 | D:5      | Entered Level 5 of the Dungeon
  4487 | D:5      | Reached skill level 4 in Dodging
  4602 | D:5      | Noticed Edmund
  4617 | D:5      | Killed Edmund
  4618 | D:5      | Reached XP level 7. HP: 56/56 MP: 14/14
  5008 | D:5      | Reached skill level 1 in Short Blades
  5193 | D:6      | Learned a level 2 spell: Poisonous Vapours
  5197 | D:6      | Learned a level 3 spell: Mephitic Cloud
  5202 | D:6      | Learned a level 4 spell: Olgreb's Toxic Radiance
  5452 | D:6      | Found a runed translucent door.
  5456 | D:6      | Noticed Cris's ghost (novice DsGl)
  5504 | D:6      | Found a sand-covered staircase.
  5510 | Ossuary  | Entered an ossuary
  5613 | Ossuary  | Reached XP level 8. HP: 44/63 MP: 16/16
  6004 | D:6      | Reached skill level 5 in Dodging
  7677 | D:7      | Noticed Menkaure
  7711 | D:6      | Killed Menkaure
  8198 | D:7      | Reached XP level 9. HP: 72/72 MP: 17/17
  8641 | D:7      | Found a staircase to the Ecumenical Temple.
  8718 | D:8      | Noticed Maggie
  8735 | D:8      | Noticed Amaemon
  8737 | D:8      | Noticed an orange demon
  8900 | D:7      | Reached skill level 5 in Armour
  8900 | D:7      | Reached skill level 6 in Dodging
  8933 | D:8      | Identified the +7 long sword of Logomysm {chaos, rC+}
  8939 | D:8      | Noticed Gastronok
  9106 | D:8      | Noticed Maurice
  9128 | D:8      | Something stole a ring of ice
  9129 | D:8      | Something stole a +1 falchion of venom
  9131 | D:8      | Something stole 200 gold
  9132 | D:8      | Something stole 159 gold
  9140 | D:8      | Killed from afar by Maggie

Illustrated notes

Levels and vault maps discovered:
D:1:      psy_arrival_spokes, layout_loops_ring, serial_shops,
          nicolae_shop_crystal
D:2:      layout_basic, dreamdust_ecumenical_altar_drowned_temple,
          pf_guarded_unrand_delatra, uniq_crazy_yiuf_cottage
D:3:      layout_loops_ring, mainiacjoe_overflow_catwalk,
          mainiacjoe_overflow_cross_hatched, gup_sewer_entry_bubbles
D:4:      layout_rooms, grunt_temple_overflow_champion_of_chaos
D:5:      layout_rooms, uniq_edmund
D:6:      layout_layer_cave, mainiacjoe_overflow_alcove_2,
          ebering_ghost_sewer_d, gup_ossuary_entry_pyramid
D:7:      layout_cave_pools, kiku_gazebo_garden_becter,
          minmay_temple_entry_butterflies, uniq_menkaure
D:8:      layout_layer_cave, uniq_gastronok, uniq_maurice, uniq_amaemon,
          uniq_maggie, uniq_prince_ribbit1

Skill      XL: |  1  2  3  4  5  6  7  8  9 |
---------------+----------------------------+-----
Transmutations | 1 |  1.4
Dodging        | 2 3 4 5 6 |  6.0
Spellcasting   | 2 3 |  3.6
Poison Magic   | 3 4 |  4.4
Fighting       | 1 2 3 4 |  4.8
Unarmed Combat | 1 |  1.0
Armour         | 1 3 4 5 |  5.1
Short Blades   | 2 4 |  4.9
Stealth        | |  1.8
Evocations     | |  0.9

Action                     |  1- 3 |  4- 6 |  7- 9 || total
---------------------------+-------+-------+-------++-------
  Melee: Unarmed           |    27 |    32 |       ||    59
         Short sword       |    61 |   294 |   528 ||   883
         Punch             |       |     5 |    11 ||    16
         Falchion          |       |       |   140 ||   140
         Long sword        |       |       |    32 ||    32
   Cast: Sting             |    34 |     9 |    12 ||    55
Ability: Evoke Blink       |       |       |     1 ||     1
  Evoke: Wand              |       |       |     9 ||     9
    Use: Potion            |       |     3 |    10 ||    13
         Scroll            |       |     1 |     7 ||     8
   Stab: Sleeping          |     2 |     3 |       ||     5
         Distracted        |       |       |     1 ||     1
 Armour: Robe              |    55 |    79 |       ||   134
         Scale mail        |       |   102 |   514 ||   616
         Skin              |       |       |    12 ||    12
  Dodge: Dodged            |    62 |   178 |   396 ||   636

Table legend: (Time is in decaauts)
 A = Elapsed time spent in this place.
 B = Non-inter-level travel time spent in this place.
 C = Inter-level travel time spent in this place.
 D = Time resting spent in this place.
 E = Time spent auto-exploring this place.
 F = Levels seen in this place.
 G = Mean time per level.
                   A        B        C        D        E       F      G
               +--------+--------+--------+--------+--------+-----+--------+
         Total |   9179 |   8860 |    319 |    824 |   5607 |  10 |  917.9 |
       Dungeon |   8329 |   8010 |    319 |    691 |   5305 |   8 | 1041.1 |
         Sewer |    393 |    393 |      0 |    133 |     73 |   1 |  393.0 |
       Ossuary |    456 |    456 |      0 |      0 |    228 |   1 |  456.0 |
               +--------+--------+--------+--------+--------+-----+--------+

Top non-repeatable levels by time:
     D:6: 2024 daAuts
     D:7: 1298 daAuts
     D:1: 1202 daAuts
     D:2: 1201 daAuts
     D:3: 1008 daAuts
     D:4: 730 daAuts
     D:5: 708 daAuts
 Ossuary: 456 daAuts
   Sewer: 393 daAuts
     D:8: 156 daAuts
